 Dungeon Crawl Stone Soup version 0.24.0-123-gd5b16e6ec5 (webtiles) character file.

Game seed: 15611755215698942367, levelgen mode: deterministic

42 Martska the Chiller (level 3, -1/26 HPs)
             Began as a Merfolk Ice Elementalist on Feb 7, 2020.
             Slain by a sky beast (6 damage)
             ... on level 2 of the Dungeon.
             The game lasted 00:03:18 (1252 turns).

Martska the Chiller (Merfolk Ice Elementalist)      Turns: 1252, Time: 00:03:18

Health: -1/26      AC:  3    Str:  8    XL:     3   Next: 54%
Magic:  6/6        EV: 13    Int: 14    God:
Gold:   28         SH:  0    Dex: 15    Spells: 5/6 levels left

rFire    . . .     SeeInvis .   j - +0 dagger (venom)
rCold    . . .     Gourm    .   (no shield)
rNeg     . . .     Faith    .   m - +0 leather armour
rPois    .         Spirit   .   (no helmet)
rElec    .         Reflect  .   (no cloak)
rCorr    .         Harm     .   (no gloves)
MR       .....                  (no boots)
Stlth    ++........             (no amulet)
HPRegen  0.08/turn              (no ring)
MPRegen  0.10/turn              (no ring)

@: no status effects
A: change form in water, swift swim, stealthy swim
a: no special abilities


You were on level 2 of the Dungeon.
You were not hungry.

You visited 1 branch of the dungeon, and saw 2 of its levels.

You collected 28 gold pieces.

Inventory:

Hand Weapons
 f - a +0 short sword
 j - a +0 dagger of venom (weapon)
Armour
 a - a +0 robe
 m - a +0 leather armour (worn)
 n - a +0 leather armour
Scrolls
 b - 2 scrolls of identify {unknown}
 e - a scroll of enchant armour {unknown}
 g - a scroll of teleportation {unknown}
 h - a scroll of enchant weapon {unknown}
 l - 2 scrolls of remove curse {unknown}
Potions
 d - a potion of curing
 i - a potion of agility {unknown}
 k - 3 potions of flight {unknown}
 o - 2 potions of magic {unknown}
Comestibles
 c - 3 rations


   Skills:
 + Level 1.4 Fighting
 + Level 3.4 Dodging
 - Level 2.1 Stealth
 + Level 2.4 Spellcasting
   Level 0.7 Conjurations
 + Level 3.8 Ice Magic


You had 5 spell levels left.
You knew the following spells:

 Your Spells              Type           Power        Failure   Level  Hunger
a - Freeze                Ice            ##..         7%          1    #......

Your spell library contained the following spells:

 Spells                   Type           Power        Failure   Level  Hunger
 Throw Frost              Conj/Ice       #.....       21%         2    ###....
 Ozocubu's Armour         Chrm/Ice       #.......     41%         3    ###....
 Throw Icicle             Conj/Ice       #.......     78%         4    #####..
 Summon Ice Beast         Ice/Summ       #.......     83%         4    #####..


Dungeon Overview and Level Annotations

Branches:
Dungeon (2/15)

Altars:


Message History

Found a stone staircase leading up.
b - 2 scrolls labeled KEPAD POLLER (gained 1) HP restored.
You see here a robe.
A kobold comes into view. It is wielding a +0 dagger.
A kobold is nearby!
A sky beast comes into view.
A kobold comes into view. It is wielding a +0 short sword.
The kobold shouts! x2; You hear a shout!
The sky beast flickers out of sight!
Deactivating autopickup; reactivate with Ctrl-A.
The kobold completely misses you.
Your leather armour prevents you from hitting the kobold.
Something hits you. Something shocks you. The kobold hits you with a +0 dagger.
Something hits you. Something shocks you.
* * * LOW HITPOINT WARNING * * *
Something hits you.
* * * LOW HITPOINT WARNING * * *
Something shocks you.
You die...

.............<.###
..#.#..........#
....#..........#
....>..#####.### ...##..#
##.######## ...##..#
#..##.....#### รท..##..#
#.............
.......####..###.######
................@#######
..)...........##...KK..###...
....##.##.....######.........
.#...............###.########
#..##..#...........#.#
..#....(...##.##...#.#
...................#.#
...####.##.##.######.#
................# #..


You could see 2 kobolds.

Vanquished Creatures
  An adder (D:2)
  A dart slug (D:2)
  A leopard gecko (D:1)
  3 bats
  5 giant cockroaches
  5 goblins (D:1)
  2 hobgoblins
  2 quokkas (D:1)
  A ball python (D:1)
  2 frilled lizards (D:2)
  4 rats (D:1)
27 creatures vanquished.

Notes
Turn   | Place    | Note
-------+----------+-------------------------------------------
     0 | D:1      | Martska the Merfolk Ice Elementalist began the quest for
                  | the Orb.
     0 | D:1      | Reached XP level 1. HP: 13/13 MP: 3/3
   312 | D:1      | Reached XP level 2. HP: 18/20 MP: 5/5
   658 | D:1      | Reached skill level 1 in Fighting
   999 | D:2      | Reached XP level 3. HP: 25/26 MP: 6/6
  1026 | D:2      | HP: 1/26 [hobgoblin/+0 club (3)]
  1244 | D:2      | Noticed a sky beast
  1252 | D:2      | Slain by a sky beast

Levels and vault maps discovered:
D:1:      onia_arrival_larder, layout_loops_cross,
          chequers_serial_rivers_micro_b, minmay_tromino_v7
D:2:      layout_rooms, first_ration, patterned_corridor, uniq_natasha

Skill      XL: |  1  2 |
---------------+-------+-----
Dodging        | 3 |  3.4
Fighting       | 1 |  1.4
Stealth        | |  2.1
Spellcasting   | |  2.4
Conjurations   | |  0.7
Ice Magic      | |  3.8

Action                   || total
-------------------------++-------
Melee: Unarmed           ||     4
       Short sword       ||     4
       Dagger            ||    37
 Cast: Freeze            ||    23
  Use: Potion            ||     3
 Stab: Sleeping          ||     3
  Eat: Ration            ||     1
Armor: Robe              ||     7
       Leather armour    ||     5
Dodge: Dodged            ||    45
